 Dungeon Crawl Stone Soup version 0.31-a0-145-g046c7d2549 (webtiles) character file.

Game seed: 1038228826443042649

189 Anon1729 the Chopper (level 5, -2/47 HPs)
             Began as a Minotaur Monk on June 4, 2023.
             Slain by an orc priest
             ... wielding a +0 morningstar
              (9 damage)
             ... on level 3 of the Dungeon.
             The game lasted 00:01:15 (1507 turns).

Anon1729 the Chopper (Minotaur Monk)                Turns: 1507, Time: 00:01:16

Health: -2/47      AC:  3    Str: 17    XL:     5   Next: 40%
Magic:  4/4        EV: 13    Int:  7    God:
Gold:   128        SH:  0    Dex: 13    Spells: 4/4 levels left

rFire   . . .        e - +0 war axe
rCold   . . .        d - orb {light}
rNeg    + . .        i - +0 leather armour
rPois   .            (helmet restricted)
rElec   .            (no cloak)
rCorr   .            (no gloves)
SInv    .            (no boots)
Will    .....        (no amulet)
Stlth   +            k - ring of positive energy
HPRegen 0.27/turn    (no ring)
MPRegen 0.09/turn

%: no passive effects
@: glowing
A: horns 2, retaliatory headbutt
a: no special abilities


You were on level 3 of the Dungeon.
You visited 1 branch of the dungeon, and saw 3 of its levels.

You collected 128 gold pieces.

Inventory:

Hand Weapons
 a - a +0 hand axe
 e - a +0 war axe (weapon)
Armour
 b - a +0 robe
 d - an orb of light (worn)
 i - a +0 leather armour (worn)
Jewellery
 k - a ring of positive energy (left hand)
 q - a ring of poison resistance
 s - a ring of positive energy
Scrolls
 f - 2 scrolls of acquirement {unknown}
 h - a scroll of vulnerability {unknown}
 j - 2 scrolls of blinking {unknown}
 o - a scroll of immolation {unknown}
 p - a scroll of fear {unknown}
 r - a scroll of identify {unknown}
Potions
 c - a potion of ambrosia
 g - a potion of heal wounds {unknown}
 l - 2 potions of curing {unknown}
 m - a potion of enlightenment {unknown}
 n - a potion of brilliance
 t - a potion of degeneration {unknown}


   Skills:
 + Level 4.8 Fighting
 + Level 4.9 Axes
 + Level 2.8 Armour
 + Level 4.4 Dodging


You had 4 spell levels left.
You didn't know any spells.
Your spell library contained the following spells:

 Spells                   Type           Power      Damage    Failure   Level
 Ensorcelled Hibernation  Hex/Ice        0%         N/A       63%         2
 Passwall                 Tmut/Erth      0%         N/A       63%         2
 Swiftness                Air            0%         N/A       86%         3


Dungeon Overview and Level Annotations

Branches:
Dungeon (3/15)

Altars:


Innate Abilities, Weirdness & Mutations

You have a pair of horns on your head.
You reflexively headbutt those who attack you in melee.


Message History

You hit the orc. Your headbutt misses the orc.
The orc is almost dead.
The orc hits you with a +0 dagger.
You slash the orc!
You kill the orc!
You barely miss the orc priest.
The orc priest miscasts a cantrip.
You hit the orc priest.
The orc priest is moderately wounded.
The orc priest barely misses you.
The orc priest hits you with a +0 morningstar.
You are too injured to fight recklessly!
You are too injured to fight recklessly!
You are too injured to fight recklessly!
You are too injured to fight recklessly!
You are too injured to fight recklessly!
You are too injured to fight recklessly!
You are too injured to fight recklessly!
You are too injured to fight recklessly!
You are too injured to fight recklessly!
You are too injured to fight recklessly!
You are too injured to fight recklessly!
You are too injured to fight recklessly!
You are too injured to fight recklessly!
You barely miss the orc priest.
The orc priest is moderately wounded.
The orc priest hits you with a +0 morningstar!
* * * LOW HITPOINT WARNING * * *
You barely miss the orc priest.
The orc priest is moderately wounded.
The orc priest hits you with a +0 morningstar.
* * * LOW HITPOINT WARNING * * *
You hit the orc priest.
The orc priest is heavily wounded.
The orc priest hits you with a +0 morningstar.
* * * LOW HITPOINT WARNING * * *
You hit the orc priest but do no damage.
The orc priest is heavily wounded.
The orc priest hits you with a +0 morningstar!
You die...

...................#.......#
.............#######.......#
............## ###...####.#
.............####...### .
..................###
....#...........###
.............#..##
..#...........#..#
..#...........#)@#
.##......(....#.o)#
.._............#....
.####...#............( ##
#...................
#...................
#>.........#........
############.......


You could see an orc priest.

Vanquished Creatures
  Natasha (thrice) (D:2)
  Terence (D:3)
  2 adders
  2 worms (D:2)
  2 dart slugs (D:2)
  3 orcs (D:3)
  5 ball pythons
  2 endoplasms
  2 giant cockroaches (D:1)
  3 goblins
  5 hobgoblins
  6 jackals
  5 kobolds
  8 bats
  3 frilled lizards
  6 rats
58 creatures vanquished.

Notes
Turn   | Place    | Note
-------+----------+-------------------------------------------
     0 | D:1      | Anon1729 the Minotaur Monk began the quest for the Orb.
     0 | D:1      | Reached XP level 1. HP: 19/19 MP: 0/0
   169 | D:1      | Reached XP level 2. HP: 26/27 MP: 1/1
   281 | D:1      | Reached skill level 1 in Armour
   813 | D:2      | Reached XP level 3. HP: 33/33 MP: 2/2
   926 | D:2      | Noticed Natasha
   932 | D:2      | Killed Natasha
   938 | D:2      | Noticed Natasha
   943 | D:2      | Killed Natasha
   944 | D:2      | Reached XP level 4. HP: 41/41 MP: 3/3
   996 | D:2      | Noticed Natasha
  1002 | D:2      | Killed Natasha
  1182 | D:2      | Reached XP level 5. HP: 46/47 MP: 4/4
  1286 | D:3      | Noticed Terence
  1295 | D:3      | Killed Terence
  1369 | D:3      | Found a faded altar of an unknown god.
  1507 | D:3      | Slain by an orc priest

Illustrated notes

Levels and vault maps discovered:
D:1:      dpeg_arrival_three_smaller_balls, layout_loops_ring,
          serial_bayou_pond_e
D:2:      layout_rooms, uniq_natasha
D:3:      layout_rooms, basic_ecumenical_altar, grunt_ministairs_15,
          uniq_terence

Skill      XL: |  1  2  3 |
---------------+----------+-----
Armour         | 1 2 |  2.8
Axes           | 4 |  4.9
Fighting       | 4 |  4.8
Dodging        | 4 |  4.4

Action                     |  1- 3 |  4- 6 || total
---------------------------+-------+-------++-------
  Melee: Hand axe          |     9 |       ||     9
         War axe           |    51 |    40 ||    91
         Headbutt          |     9 |     6 ||    15
 Armour: Robe              |     3 |       ||     3
         Leather armour    |    18 |     3 ||    21
  Dodge: Dodged            |    31 |    30 ||    61

Table legend: (Time is in decaauts)
 A = Elapsed time spent in this place.
 B = Non-inter-level travel time spent in this place.
 C = Inter-level travel time spent in this place.
 D = Time resting spent in this place.
 E = Time spent auto-exploring this place.
 F = Levels seen in this place.
 G = Mean time per level.
                   A        B        C        D        E       F      G
               +--------+--------+--------+--------+--------+-----+--------+
         Total |   1554 |   1522 |     32 |      0 |   1202 |   3 |  518.0 |
       Dungeon |   1554 |   1522 |     32 |      0 |   1202 |   3 |  518.0 |
               +--------+--------+--------+--------+--------+-----+--------+

Top non-repeatable levels by time:
     D:1: 768 daAuts
     D:2: 559 daAuts
     D:3: 226 daAuts
